 Dungeon Crawl Stone Soup version 0.28-a0-589-g333b8329f1 (webtiles) character file.

Game seed: 16021405181519011932

1276 Heedrag the Chopper (level 8, 0/69 HPs)
             Began as a Minotaur Fighter on Oct 4, 2021.
             Was a Follower of Okawaru.
             Shot with an arrow by a centaur (6 damage)
             ... on level 5 of the Dungeon.
             The game lasted 00:05:27 (4606 turns).

Heedrag the Chopper (Minotaur Fighter)              Turns: 4606, Time: 00:05:28

Health: 0/69       AC: 10    Str: 23    XL:     8   Next: 29%
Magic:  8/8        EV:  9    Int:  5    God:    Okawaru [*.....]
Gold:   173        SH:  5    Dex: 10    Spells: 7/7 levels left

rFire   . . .      SeeInvis .   a - +0 war axe
rCold   . . .      Faith    .   c - +0 buckler
rNeg    . . .      Spirit   .   l - +0 chain mail
rPois   .          Reflect  .   (helmet restricted)
rElec   .          Harm     .   (no cloak)
rCorr   .          Rampage  .   (no gloves)
Will    .....                   (no boots)
Stlth   ..........              (no amulet)
HPRegen 0.21/turn               (no ring)
MPRegen 0.11/turn               (no ring)

@: lethally poisoned (0 -> -22)
A: horns 2, retaliatory headbutt
a: Renounce Religion, Heroism


You were on level 5 of the Dungeon.
You worshipped Okawaru.
Okawaru was aware of your devotion.
You visited 2 branches of the dungeon, and saw 6 of its levels.

You collected 173 gold pieces.

Inventory:

Hand Weapons
 a - a +0 war axe (weapon)
 x - a +0 vorpal spear
   (You found it on level 4 of the Dungeon)
Missiles
 m - a throwing net {!f}
 n - 5 javelins
 p - 5 poisoned darts (quivered)
Armour
 b - a +0 scale mail
 c - a +0 buckler (worn)
 l - a +0 chain mail (worn)
   (You found it on level 2 of the Dungeon)
Jewellery
 i - a ring of wizardry
   (You found it on level 1 of the Dungeon)
 s - a ring of ice
   (You found it on level 4 of the Dungeon)
Wands
 v - a wand of digging (8)
   (You found it on level 3 of the Dungeon)
Scrolls
 e - 4 scrolls of acquirement {unknown}
 f - 2 scrolls of teleportation {unknown}
 h - a scroll of brand weapon {unknown}
 j - 4 scrolls of noise {unknown}
 o - a scroll of fog {unknown}
 t - a scroll of identify {unknown}
 u - a scroll of enchant armour {unknown}
Potions
 d - a potion of might
 g - a potion of invisibility {unknown}
 k - 3 potions of flight {unknown}
 q - 3 potions of curing {unknown}
 r - a potion of degeneration {unknown}
 w - 2 potions of lignification {unknown}


   Skills:
 + Level 5.6 Fighting
 * Level 6.4 Axes
 + Level 4.1 Throwing
 + Level 5.5 Armour
 + Level 3.4 Dodging
 + Level 5.5 Shields
 * Level 2.2 Invocations


You had 7 spell levels left.
You didn't know any spells.
Your spell library contained the following spells:

 Spells                   Type           Power      Damage    Failure   Level
 Magic Dart               Conj           0%         1d3       98%         1
 Passwall                 Tmut/Erth      0%         N/A       99%         2
 Mephitic Cloud           Conj/Pois/Air  0%         N/A       100%        3
 Swiftness                Air            0%         N/A       100%        3
 Fireball                 Conj/Fire      0%         3d3       100%        5
 Invisibility             Hex            0%         N/A       100%        6
 Starburst                Conj/Fire      0%         6d3       100%        6
 Ignition                 Fire           0%         3d3       100%        8
 Call Imp                 Summ           Unusable   N/A       N/A         2

Dungeon Overview and Level Annotations

Branches:
Dungeon (5/15)             Temple (1/1) D:4

Altars:
Ashenzari
Elyvilon
Fedhas
Gozag
Kikubaaqudgha
Nemelex Xobeh
Okawaru
Ru
Uskayaw
Vehumet
Wu Jian
Yredelemnul
Zin
The Shining One


Innate Abilities, Weirdness & Mutations

You have a pair of horns on your head.
You reflexively headbutt those who attack you in melee.


Message History

You closely miss the ogre. The ogre barely misses you.
You hit the ogre.
You headbutt the ogre, but do no damage.
The ogre hits you with a +0 giant club!
You slash the ogre!
You kill the ogre!
Okawaru accepts your kill.
No target in view!
No target in view!
Unknown command.
Things that are here:
a +0 giant club; an ogre corpse
Found a scroll labelled XEALLEA SURR.
Found a scroll labelled FELOTW VEGETHRE.
A water moccasin comes into view.
The water moccasin hisses angrily.
A water moccasin is nearby!
A water moccasin is nearby!
A water moccasin is nearby!
A water moccasin is nearby!
A centaur comes into view.
The centaur wields a +0 shortbow.
The centaur shoots an arrow.
The arrow hits you!
You slash the water moccasin!
Your headbutt misses the water moccasin.
You block the water moccasin's attack.
The centaur shoots an arrow.
The arrow barely misses you. The water moccasin bites you.
The centaur shoots an arrow.
The arrow hits you!
You slash the water moccasin!
Your headbutt misses the water moccasin.
The water moccasin bites you.
You are poisoned.
The water moccasin poisons you!
The centaur shoots an arrow.
The arrow hits you but does no damage.
You miss the water moccasin.
You feel very sick.
The centaur shoots an arrow.
The arrow hits you. The water moccasin closely misses you.
The centaur shoots an arrow.
The arrow hits you!
* * * LOW HITPOINT WARNING * * *
The water moccasin bites you!
* * * LOW HITPOINT WARNING * * *
You are lethally poisoned!
The water moccasin poisons you!
Unknown command.
* * * LOW HITPOINT WARNING * * *
You feel extremely sick.
The centaur shoots an arrow.
The arrow hits you but does no damage.
The centaur shoots an arrow.
The arrow hits you.
You die...

#)#.#.###### #.#.#.#.....
#.# #...........
#.######## .#...##....
#..?...... .#...#...
#.....c... .....#.#
#......... ##.....##
###......... ........#
##...........
###.##..#####...@S.?.....
#.###...#....#.........
#........)..##.........
.........................
....######...............
##.. ..[#....>######## ..
#####......# # ####.....
.....


You could see a water moccasin and a centaur.

Vanquished Creatures
  Eustachio (D:4)
  A black bear (D:4)
  An ice beast (D:5)
  6 ogres
  2 scorpions (D:4)
  2 centaur skeletons
  2 hounds
  2 iguanas
  10 adders
  A shadow imp (D:5)
  2 adder skeletons
  2 worms (D:2)
  4 dart slugs
  3 orcs
  4 ball pythons
  6 endoplasms
  5 giant cockroaches
  4 hobgoblins
  4 quokkas
  5 bats
  3 frilled lizards
  2 goblins
  5 kobolds
  4 rats
81 creatures vanquished.

Notes
Turn   | Place    | Note
-------+----------+-------------------------------------------
     0 | D:1      | Heedrag the Minotaur Fighter began the quest for the Orb.
     0 | D:1      | Reached XP level 1. HP: 19/19 MP: 0/0
   204 | D:1      | Reached XP level 2. HP: 23/27 MP: 1/1
  1125 | D:2      | Reached skill level 3 in Axes
  1212 | D:2      | Reached skill level 1 in Dodging
  1212 | D:2      | Reached XP level 3. HP: 33/33 MP: 2/2
  1659 | D:2      | Reached XP level 4. HP: 38/40 MP: 3/3
  1956 | D:3      | Reached skill level 1 in Throwing
  2251 | D:3      | Found a faded altar of an unknown god.
  2476 | D:4      | Noticed Eustachio
  2694 | D:4      | Killed Eustachio
  2695 | D:4      | Reached skill level 4 in Axes
  2695 | D:4      | Reached XP level 5. HP: 25/47 MP: 4/4
  2888 | D:4      | Noticed an ogre
  2898 | D:4      | Reached XP level 6. HP: 53/53 MP: 5/5
  3070 | D:4      | Reached skill level 5 in Axes
  3070 | D:4      | Reached XP level 7. HP: 46/60 MP: 6/6
  3074 | D:4      | Reached skill level 5 in Fighting
  3074 | D:4      | Reached skill level 5 in Armour
  3322 | D:4      | Found a staircase to the Ecumenical Temple.
  3438 | Temple   | Entered the Ecumenical Temple
  3470 | Temple   | Became a worshipper of Warmaster Okawaru
  3638 | D:4      | Reached skill level 5 in Shields
  4091 | D:5      | Entered Level 5 of the Dungeon
  4106 | D:4      | Reached skill level 1 in Invocations
  4164 | D:5      | Reached * piety under Okawaru
  4165 | D:5      | Reached skill level 6 in Axes
  4165 | D:5      | Reached XP level 8. HP: 41/69 MP: 6/8
  4606 | D:5      | Shot with an arrow by a centaur

Illustrated notes

Levels and vault maps discovered:
D:1:      dpeg_arrival_round_a, layout_basic, kennysheep_pointless_box,
          chequers_serial_rivers_small_b, minmay_surrounded
D:2:      layout_rooms, corexii_shack
D:3:      layout_loops_cross, basic_ecumenical_altar
D:4:      minmay_octagon_keep, layout_basic, minmay_temple_entry_glassed_door,
          uniq_eustachio
D:5:      layout_rooms, old_standard_altar, lemuel_round_altar
Temple:   eino_temple_lava

Skill      XL: |  1  2  3  4  5  6  7  8 |
---------------+-------------------------+-----
Axes           | 3 4 5 6 |  6.4
Dodging        | 1 2 3 |  3.4
Shields        | 4 5 |  5.5
Fighting       | 4 5 |  5.6
Armour         | 4 5 |  5.5
Throwing       | 2 3 4 |  4.1
Invocations    | 1 2 |  2.2

Action                   |  1- 3 |  4- 6 |  7- 9 || total
-------------------------+-------+-------+-------++-------
Melee: War axe           |    70 |    73 |    78 ||   221
       Headbutt          |     9 |     7 |    16 ||    32
Throw: Javelin           |       |     1 |       ||     1
       Dart              |       |     1 |       ||     1
Armor: Scale mail        |    30 |       |       ||    30
       Chain mail        |     7 |    82 |    40 ||   129
Dodge: Dodged            |    25 |    49 |    40 ||   114
Block: Buckler           |    14 |    22 |    14 ||    50

Table legend: (Time is in decaauts)
 A = Elapsed time spent in this place.
 B = Non-inter-level travel time spent in this place.
 C = Inter-level travel time spent in this place.
 D = Time resting spent in this place.
 E = Time spent auto-exploring this place.
 F = Levels seen in this place.
 G = Mean time per level.
                   A        B        C        D        E       F      G
               +--------+--------+--------+--------+--------+-----+--------+
         Total |   4672 |   4378 |    294 |    663 |   3041 |   6 |  778.7 |
       Dungeon |   4606 |   4326 |    280 |    663 |   2998 |   5 |  921.2 |
        Temple |     65 |     52 |     13 |      0 |     43 |   1 |   65.0 |
               +--------+--------+--------+--------+--------+-----+--------+

Top non-repeatable levels by time:
     D:4: 1496 daAuts
     D:1: 1111 daAuts
     D:3: 920 daAuts
     D:2: 609 daAuts
     D:5: 468 daAuts
  Temple: 65 daAuts
